 Dungeon Crawl Stone Soup version 0.28.0 (webtiles) character file.

Game seed: 8266356569191887680

2174 Minsecho the Basher (level 9, -2/88 (97) HPs)
             Began as an Ogre Berserker on Feb 15, 2022.
             Was a Priest of Trog.
             Slain by a wraith (8 damage)
             ... led by Josephine
             ... on level 10 of the Dungeon.
             The game lasted 00:10:27 (6228 turns).

Minsecho the Basher (Ogre Berserker)                Turns: 6228, Time: 00:10:27

HP:   -2/88 (97)    AC:  4    Str: 29    XL:     9   Next: 32%
MP:   9/9           EV: 11    Int:  8    God:    Trog [***...]
Gold: 32            SH:  0    Dex: 12    Spells: 8/8 levels left

rFire   . . .      SeeInvis .   k - +2 flail (vorpal)
rCold   . . .      Faith    .   (no shield)
rNeg    . . .      Spirit   .   b - +1 animal skin
rPois   .          Reflect  .   (helmet restricted)
rElec   .          Harm     .   (no cloak)
rCorr   .          Rampage  .   (gloves unavailable)
Will    .....                   (boots unavailable)
Stlth   ++........              l - amulet of regeneration
HPRegen 1.04/turn               r - +6 ring of strength
MPRegen 0.11/turn               q - +4 ring of slaying

@: slowed, drained, very slow
A: large, unfitting armour, tough skin 1
a: Renounce Religion, Berserk, Trog's Hand


You were on level 10 of the Dungeon.
You worshipped Trog.
Trog was most pleased with you.
You visited 1 branch of the dungeon, and saw 8 of its levels.
You also visited: Sewer and Bailey.

You collected 253 gold pieces.
You spent 221 gold pieces at shops.

Inventory:

Hand Weapons
 a - a +0 mace
 k - a +2 vorpal flail (weapon)
 F - a +0 giant spiked club
 H - a +1 halberd of electrocution
Missiles
 f - 3 boomerangs (quivered)
 A - a throwing net
Armour
 b - a +1 animal skin (worn)
Jewellery
 i - a ring of protection from fire
 l - an amulet of regeneration (around neck)
 q - a +4 ring of slaying (right hand)
 r - a +6 ring of strength (left hand)
 u - an amulet of reflection
 z - a ring of flight
Wands
 p - a wand of digging (7)
 v - a wand of charming (7)
 y - a wand of paralysis (5)
Scrolls
 g - 3 scrolls of identify
 j - 2 scrolls of enchant armour
Potions
 c - 4 potions of mutation {unknown}
 d - 3 potions of lignification
 h - 4 potions of cancellation {unknown}
 m - 2 potions of curing
 n - 3 potions of flight
 o - 4 potions of heal wounds
 t - 4 potions of magic {unknown}
 B - 2 potions of haste
 C - 3 potions of might
 G - 2 potions of brilliance {unknown}


   Skills:
 + Level 8.3 Fighting
 + Level 8.5 Maces & Flails
 + Level 0.6 Throwing
 + Level 5.1 Dodging
 + Level 2.6 Stealth
 + Level 0.1 Evocations


You had 8 spell levels left.
You didn't know any spells.
Your spell library contained the following spells:

 Spells                   Type           Power      Damage    Failure   Level
 Magic Dart               Conj           0%         1d3       41%         1
 Sandblast                Erth           0%         2d4       41%         1
 Blink                    Tloc           0%         N/A       54%         2
 Call Imp                 Summ           0%         N/A       54%         2
 Passwall                 Tmut/Erth      0%         N/A       54%         2
 Mephitic Cloud           Conj/Pois/Air  0%         N/A       78%         3
 Stone Arrow              Conj/Erth      0%         3d7       78%         3
 Manifold Assault         Tloc           0%         N/A       100%        5
 Storm Form               Tmut/Air       0%         N/A       100%        7


Dungeon Overview and Level Annotations

Branches:
Dungeon (7/15)             Temple (0/1) D:6           Sewer (visited)
 Bailey (visited)

Altars:
Cheibriados
Kikubaaqudgha
Sif Muna
Zin

Shops:
D:6 !:   D:7 [

Annotations:
D:10 Josephine, Nergalle


Innate Abilities, Weirdness & Mutations

You are too large for most types of armour.
You have tough skin. (AC +1)


Message History

The ghostly flame explodes!
The ghostly fireball engulfs you!!
You feel drained.
The ghostly fireball engulfs the wraith.
The wraith completely resists.
The ghostly fireball engulfs the wraith.
The wraith completely resists.
The ghostly fireball engulfs Josephine.
Josephine completely resists.
The wraith closely misses you. The wraith hits you.
The wraith drains your vigour!
You feel as though you will be slow longer.
Unknown command.
Unknown command.
Unknown command.
You bludgeon Josephine!!
Flame seeps out of Josephine. x2
Josephine is moderately wounded.
Josephine hits you with a +0 dagger!
* * * LOW HITPOINT WARNING * * *
The wraith hits you!
* * * LOW HITPOINT WARNING * * *
The wraith drains your vigour!
You feel as though you will be slow longer.
The wraith hits you but does no damage. The wraith hits you.
* * * LOW HITPOINT WARNING * * *
Josephine hits you with a +0 dagger.
* * * LOW HITPOINT WARNING * * *
The wraith hits you.
* * * LOW HITPOINT WARNING * * *
The wraith drains your vigour!
You feel as though you will be slow longer.
Unknown command.
You feel much better.
Josephine points at you and mumbles some strange words.
The ghostly flame explodes!
The ghostly fireball engulfs you!!
You feel drained.
* * * LOW HITPOINT WARNING * * *
The ghostly fireball engulfs the wraith.
The wraith completely resists.
The ghostly fireball engulfs the wraith.
The wraith completely resists.
The ghostly fireball engulfs Josephine.
Josephine completely resists.
The wraith hits you!
You die...

#
######..#
#W@W.W...
#@WW....g
#######.o


You could see Josephine (inner flame) and 4 wraiths.

Vanquished Creatures
  An orc knight (Bailey)
  A steam dragon (D:7)
  A water moccasin (D:6)
  A sky beast (D:5)
  3 ogres
  2 kobold brigands
  A scorpion (D:5)
  5 wights (D:7)
  A centaur zombie (D:6)
  A bullfrog zombie (D:7)
  2 hounds (D:5)
  A jelly (D:5)
  A centaur skeleton (D:5)
  A bullfrog skeleton (D:6)
  3 iguanas
  A scorpion zombie (D:5)
  A howler monkey zombie (D:6)
  13 gnolls
  11 adders
  3 river rats
  An adder skeleton (D:4)
  2 worms
  A dart slug (D:5)
  17 orcs
  3 endoplasms
  4 giant cockroaches
  10 goblins
  6 hobgoblins
  12 jackals
  15 kobolds
  3 quokkas
  7 ball pythons
  2 bats (D:3)
  3 frilled lizards (D:2)
  7 rats
147 creatures vanquished.

Notes
Turn   | Place    | Note
-------+----------+-------------------------------------------
     0 | D:1      | Minsecho the Ogre Berserker began the quest for the Orb.
     0 | D:1      | Reached XP level 1. HP: 24/24 MP: 1/1
   584 | D:1      | Reached XP level 2. HP: 26/33 MP: 2/2
  1186 | D:2      | Found an ancient bone altar of Kikubaaqudgha.
  1242 | D:2      | Reached XP level 3. HP: 40/40 MP: 3/3
  1952 | D:2      | Reached XP level 4. HP: 49/49 MP: 4/4
  2615 | D:3      | Reached skill level 5 in Fighting
  2639 | D:3      | Reached ** piety under Trog
  2876 | D:3      | Reached XP level 5. HP: 52/57 MP: 5/5
  2882 | D:3      | Found a glowing drain.
  2892 | Sewer    | Entered a sewer
  2954 | Sewer    | Noticed a kobold brigand
  2995 | Sewer    | Killed a kobold brigand
  3006 | Sewer    | Reached XP level 6. HP: 59/66 MP: 6/6
  3052 | Sewer    | Found a white marble altar of Elyvilon.
  3725 | D:4      | Found a shimmering blue altar of Sif Muna.
  3900 | D:5      | Entered Level 5 of the Dungeon
  3905 | D:5      | Reached *** piety under Trog
  3925 | D:5      | Reached skill level 5 in Maces & Flails
  4143 | D:5      | Reached XP level 7. HP: 70/74 MP: 7/7
  4149 | D:5      | Reached skill level 1 in Stealth
  4668 | D:6      | Found a staircase to the Ecumenical Temple.
  4858 | D:6      | Found a glowing silver altar of Zin.
  4904 | D:6      | Found Ceirea's Distillery.
  4910 | D:6      | Bought a potion of haste for 130 gold pieces
  4910 | D:6      | Bought a potion of might for 52 gold pieces
  4910 | D:6      | Bought a potion of curing for 39 gold pieces
  5016 | D:6      | Found a snail-covered altar of Cheibriados.
  5021 | D:6      | Reached XP level 8. HP: 77/84 MP: 8/8
  5265 | D:6      | Found Dyofo's Book Shoppe.
  5429 | D:7      | Found Pifry's Antique Armour Boutique.
  5725 | D:7      | Found a flagged portal.
  5741 | D:7      | Reached **** piety under Trog
  5752 | Bailey   | Entered a bailey
  6031 | Bailey   | Reached XP level 9. HP: 81/85 MP: 9/9
  6034 | Bailey   | Noticed an orc knight
  6054 | Bailey   | Killed an orc knight
  6055 | Bailey   | Reached skill level 5 in Dodging
  6220 | D:7      | You fall into a shaft and drop 3 floors!
  6220 | D:10     | Entered Level 10 of the Dungeon
  6220 | D:10     | Noticed Nergalle
  6220 | D:10     | Noticed Josephine
  6228 | D:10     | Slain by a wraith

Illustrated notes

Levels and vault maps discovered:
D:1:      erik_arrival_blinker_ship, layout_rooms, st_stairs_4
D:2:      layout_loops_corners, basic_altar, minmay_cut_off
D:3:      layout_basic, portal_sewer_entry_e, corner_web_ring,
          minmay_misc_feat_room
D:4:      layout_cave_pools, lemuel_blue_sif_altar
D:5:      layout_cave_pools, serial_co_window_serial,
          co_window_of_opportunity_a, co_window_of_opportunity_a,
          co_window_paths_b, co_window_corner_a, co_window_paths_b,
          co_window_paths_a, co_window_corner_a, co_window_broadway_a,
          co_window_broadway_b, co_window_2corner, co_window_corner_b,
          glass_columns_c, glass_columns_b, glass_columns_a, glass_columns_b,
          glass_columns_b, dk_noncrumbling_3
D:6:      layout_loops_cross, mainiacjoe_overflow_alcove_2,
          nicolae_overflow_crystal_walls, minmay_temple_entry_antechambers,
          serial_shops, kennysheep_little_box, shop_statue
D:7:      layout_gridville, serial_shops, shop_fountains, enter_bailey_3,
          minmay_misc_feat_square, kennysheep_boxes, uniq_crazy_yiuf_cottage,
          uniq_harold
D:10:     layout_small_grid, mainiacjoe_overflow_boulevard, uniq_maurice,
          uniq_nergalle, uniq_josephine

Skill      XL: |  1  2  3  4  5  6  7  8  9 |
---------------+----------------------------+-----
Maces & Flails | 3 4 5 6 8 |  8.5
Dodging        | 3 4 5 |  5.1
Fighting       | 5 6 7 8 |  8.3
Stealth        | 1 2 |  2.6
Throwing       | |  0.6
Evocations     | |  0.1

Action                   |  1- 3 |  4- 6 |  7- 9 || total
-------------------------+-------+-------+-------++-------
Melee: Mace              |    86 |    36 |       ||   122
       Punch             |     2 |     1 |     3 ||     6
       Flail             |       |   107 |   157 ||   264
Throw: Boomerang         |     9 |       |       ||     9
Invok: Berserk           |       |       |     3 ||     3
       Trog's Hand       |       |       |     1 ||     1
       Brothers in Arms  |       |       |     1 ||     1
Evoke: Wand              |       |       |     2 ||     2
  Use: Scroll            |       |     2 |     6 ||     8
       Potion            |       |       |     1 ||     1
 Stab: Sleeping          |       |     1 |     7 ||     8
Armor: Animal skin       |    27 |    47 |    50 ||   124
Dodge: Dodged            |    42 |   100 |    95 ||   237
